 Dungeon Sprint DCSS version 0.20-a0-1009-gc986637 (webtiles) character file.

281158 KravKorr the Merry Centaur (level 18, -1/300 HPs)
             Began as a Centaur Berserker on Apr 15, 2017.
             Was the Champion of Trog.
             Slain by a yellow draconian monk (17 damage)
             ... in the Dungeon (Sprint IX: "|||||||||||||||||||||||||||||").
             The game lasted 00:28:55 (9467 turns).

KravKorr the Merry Centaur (Centaur Berserker)      Turns: 9467, Time: 00:28:56

Health: -1/300     AC: 42    Str: 31    XL:     18   Next: 14%
Magic:  27/27      EV: 13    Int: 12    God:    Trog [******]
Gold:   1225       SH:  4    Dex: 10    Spells: 17/17 levels left

rFire    + . .     SeeInvis +   L - +5 bardiche (chop)
rCold    + + .     Gourm    .   (shield currently unavailable)
rNeg     + . .     Faith    .   X - +3 storm dragon scales
rPois    +         Spirit   .   T - +0 helmet {SInv}
rElec    +         Reflect  +   U - +2 cloak {rPois}
rCorr    .         Harm     .   I - +2 pair of gloves
MR       ++...     NoTele   +   D - +0 centaur barding
Stlth    ..........             i - amulet "Faotasku" {Reflect Str+6 Dex-5 SH+4}
Regen    1.6/turn               Y - ring "Jot Guec" {rPois rF++ rC+ MR- Int+3}
MPRegen  0.2/turn               O - ring "Fookeidu" {Ice rN+ MP+9 Str-2 Int+3}

@: berserking, regenerating, very quick
A: hooves 3, deformed body, speed 2, tough skin 3
}: 5/15 runes: decaying, serpentine, barnacled, silver, gossamer
a: Berserk, Trog's Hand, Brothers in Arms, Burn Spellbooks, Renounce Religion


You were in the Dungeon.
You worshipped Trog.
Trog was exalted by your worship.
You were near starving.

You visited 1 branch You collected 1914 gold pieces.
You spent 689 gold pieces at shops.

Inventory:

Hand Weapons
 o - a +2 glaive of freezing
 L - a +5 bardiche of chopping (weapon)
 M - the +12 longbow of Crusades {flame, rC+ Str+4 Int+6 Dex-3}
   (Trog gifted it to you in the Dungeon)

   It causes projectiles fired from it to burn those they strike, causing extra
   injury to most foes and up to half again as much damage against particularly
   susceptible opponents.
   It affects your strength (+4).
   It affects your intelligence (+6).
   It affects your dexterity (-3).
   It protects you from cold.
 P - a +4 bardiche of protection
 W - a +9 longbow of velocity
Missiles
 k - 687 arrows
Armour
 j - a +0 cloak of invisibility
 D - a +0 centaur barding (worn)
 I - a +2 pair of gloves (worn)
 T - a +0 helmet of see invisible (worn)
 U - a +2 cloak of poison resistance (worn)
 X - +3 storm dragon scales (worn)
Jewellery
 i - the amulet "Faotasku" (around neck) {Reflect Str+6 Dex-5 SH+4}
   (You found it in the Dungeon)

   [amulet of reflection]

   It shields you and reflects attacks.
   It affects your strength (+6).
   It affects your dexterity (-5).
   It affects your SH (+4).
 O - the ring "Fookeidu" (right hand) {Ice rN+ MP+9 Str-2 Int+3}
   (You found it in the Dungeon)

   [ring of ice]

   It enhances your ice magic.
   It affects your strength (-2).
   It affects your intelligence (+3).
   It makes you vulnerable to fire.
   It protects you from cold.
   It protects you from negative energy.
   It affects your magic capacity (+9).
 Y - the ring "Jot Guec" (left hand) {rPois rF++ rC+ MR- Int+3}
   (You found it in the Dungeon)

   [ring of poison resistance]

   It affects your intelligence (+3).
   It greatly protects you from fire.
   It protects you from cold.
   It protects you from poison.
   It affects your resistance to hostile enchantments.
 Z - the amulet "Pafeet" {Faith rElec Str+3 Stlth-}
   (You found it in the Dungeon)

   [amulet of faith]

   It allows you to gain divine favour quickly.
   It affects your strength (+3).
   It insulates you from electricity.
   It makes you less stealthy.
Wands
 n - a wand of iceblast (7/15)
Scrolls
 m - 6 scrolls of remove curse
 v - 3 scrolls of recharging
 w - 3 scrolls of fear
 x - 4 scrolls of enchant weapon
 A - 7 scrolls of fog
 H - 3 scrolls of identify
Potions
 a - 3 potions of mutation
 b - 2 potions of might
 d - 9 potions of curing
 e - 13 potions of heal wounds
 f - 10 potions of haste
 g - 4 potions of magic
 h - 2 potions of berserk rage
 l - a potion of invisibility
 B - 2 potions of brilliance
 C - 2 potions of agility
Books
 K - a book of Necromancy

   Spells                             Type                      Level
   a - Pain                           Necromancy                   1
   b - Animate Skeleton               Necromancy                   1
   c - Vampiric Draining              Necromancy                   3
   d - Regeneration                   Charms/Necromancy            3
   e - Animate Dead                   Necromancy                   4
   f - Control Undead                 Necromancy                   4
   Trog disapproves of the use of such an item.
 S - a book of Maledictions

   Spells                             Type                      Level
   a - Corona                         Hexes                        1
   b - Ensorcelled Hibernation        Hexes/Ice                    2
   c - Confuse                        Hexes                        3
   d - Tukima's Dance                 Hexes                        3
   e - Dazzling Spray                 Conjuration/Hexes            3
   Trog disapproves of the use of such an item.
 V - a book of Dreams

   Spells                             Type                      Level
   a - Ensorcelled Hibernation        Hexes/Ice                    2
   b - Silence                        Hexes/Air                    5
   c - Darkness                       Hexes                        6
   d - Shadow Creatures               Summoning                    6
   Trog disapproves of the use of such an item.
Comestibles
 c - 8 bread rations
 t - 13 meat rations
 u - a royal jelly
 z - 40 fruits


   Skills:
 O Level 27 Fighting
 + Level 18.9 Polearms
 O Level 27 Bows
 O Level 27 Armour
 + Level 17.6 Dodging


You had 17 spell levels left.
You didn't know any spells.

Dungeon Overview and Level Annotations

Branches:
Dungeon (1/1)

Altars:
Cheibriados
Dithmenos
Elyvilon
Fedhas
Gozag
Hepliaklqana
Kikubaaqudgha
Makhleb
Nemelex Xobeh
Okawaru
Qazlal
Ru
Sif Muna
Trog
Uskayaw
Vehumet
Wu Jian
Xom
Yredelemnul
Zin
The Shining One
Beogh
Jiyva
Lugonu

Shops:
D [%[:


Innate Abilities, Weirdness & Mutations

You have hooves in place of feet.
Armour fits poorly on your strangely shaped body.
You cover ground very quickly.
You have extremely tough skin. (AC +3)


Message History

You miss the red draconian monk. You kick the red draconian monk.
The red draconian monk is almost dead.
The red draconian monk closely misses you.
The red draconian monk misses you.
The red draconian monk barely misses you.
The yellow draconian shifter blinks!
The yellow draconian monk closely misses you.
The yellow draconian monk kicks you but does no damage.
The yellow draconian monk tail-slaps you but does no damage.
You closely miss the red draconian monk.
Your kick misses the red draconian monk.
The red draconian monk is almost dead.
The red draconian monk misses you. The red draconian monk kicks you.
* * * LOW HITPOINT WARNING * * *
The red draconian monk tail-slaps you but does no damage.
The yellow draconian monk hits you.
* * * LOW HITPOINT WARNING * * *
The yellow draconian monk kicks you but does no damage.
The yellow draconian monk tail-slaps you!
You die...

▓▓▓▓▓▓▓▓▓▓▓▓▓▓▓▓▓▓▓▓▓▓▓▓
....yqq@q§....q†'.......
▓▓▓▓▓▓▓▓▓▓▓▓▓▓▓▓▓▓▓▓▓▓▓▓▓▓▓▓▓▓▓▓▓
▓...).).....................)....
▓.▓▓▓▓▓▓▓▓▓▓▓▓▓▓▓▓▓▓▓▓▓▓▓▓▓▓▓▓▓▓▓
▓......'.}.)...................)[
▓▓▓▓▓▓▓▓▓▓▓▓▓▓▓▓▓▓▓▓▓▓▓▓▓▓▓▓▓▓▓▓▓
▓.........).÷......).............
▓.▓▓▓▓▓▓▓▓▓▓▓▓▓▓▓▓▓▓▓▓▓▓▓▓▓▓▓▓▓▓▓
▓...'".|.|.[.)((...).[)[..|))))))


You could see 2 draconians, a yellow draconian shifter, a green draconian
scorcher and a moth of wrath.

Vanquished Creatures
  Mennas (D)
  Mara (D)
  An ancient lich (D)
  Frederick (D)
  Saint Roka (D)
  Jory (D)
  A bone dragon (D)
  An electric golem (D)
  A lich (D)
  4 tentacled monstrosities (D)
  Rupert (D)
  2 quicksilver dragons (D)
  A titan (D)
  A death cob (D)
  Frances (D)
  2 storm dragons (D)
  A draconian monk (D)
  6 shadow dragons (D)
  A thorn hunter (D)
  2 fire giants (D)
  Ilsuiw (D)
  6 nagarajas (D)
  3 draconian scorchers (D)
  A ghost moth (D)
  3 ironheart preservers (D)
  3 emperor scorpions (D)
  2 draconian stormcallers (D)
  2 very ugly things (D)
  A war gargoyle (D)
  2 draconian annihilators (D)
  4 stone giants (D)
  2 black draconians (D)
  A vampire knight (D)
  Nessos (D)
  3 white draconians (D)
  Azrael (D)
  A green draconian (D)
  A purple draconian (D)
  3 yellow draconians (D)
  3 red draconians (D)
  3 ettins (D)
  2 merfolk impalers (D)
  5 fire dragons (D)
  4 merfolk javelineers (D)
  25 vault guards (D)
  4 great orbs of eyes (D)
  3 yaktaur captains (D)
  A rakshasa (D)
  2 naga warriors (D)
  A spriggan air mage (D)
  4 ice dragons (D)
  2 hydras (D)
  2 death knights (D)
  A two-headed ogre (D)
  4 merfolk avatars (D)
  5 centaur warriors (D)
  3 merfolk aquamancers (D)
  2 tengu warriors (D)
  A deep troll shaman (D)
  2 shock serpents (D)
  3 deep elf knights (D)
  Sonja (D)
  2 hell knights (D)
  A shadow wraith (D)
  A sea snake (D)
  A spriggan druid (D)
  A deep troll (D)
  A flayed ghost (D)
  10 swamp dragons (D)
  12 orc knights (D)
  7 wolf spiders (D)
  A mana viper (D)
  A harpy (D)
  An orb spider (D)
  6 ugly things (D)
  A necromancer (D)
  A deep elf mage (D)
  A cyclops (D)
  3 moths of wrath (D)
  Joseph (D)
  Psyche (D)
  2 vault sentinels (D)
  4 naga magi (D)
  2 black mambas (D)
  A spiny frog (D)
  2 demonic crawlers (D)
  A rime drake (D)
  3 komodo dragons (D)
  2 freezing wraiths (D)
  A yaktaur (D)
  A tengu conjurer (D)
  7 jumping spiders (D)
  A wind drake (D)
  A troll (D)
  3 merfolk (D)
  4 polar bears (D)
  A hornet (D)
  A hippogriff (D)
  A snapping turtle (D)
  2 bog bodies (D)
  4 redbacks (D)
  A shadow (D)
  A basilisk (D)
  4 yaks (D)
  Eustachio (D)
  A vampire mosquito (D)
  2 acid dragons (D)
  A swamp worm (shapeshifter) (D)
  5 nagas (D)
  4 hell hounds (D)
  5 swamp drakes (D)
  A porcupine (D)
  22 orc warriors (D)
  5 black bears (D)
  A necrophage (D)
  3 crocodiles (D)
  A centaur (D)
  A big kobold (D)
  A bullfrog (D)
  A scorpion (D)
  A wight (D)
  2 crimson imps (D)
  3 orc priests (D)
  3 orc wizards (D)
  An adder (D)
  A shadow imp (D)
  An adder zombie (D)
  A leopard gecko (D)
  9 orcs (D)
  A bat skeleton (D)
  A giant cockroach (D)
  A hobgoblin (D)
  A kobold (D)
  A quokka (D)
  A rat (D)
341 creatures vanquished.

Vanquished Creatures (collateral kills)
  A great orb of eyes (D)
  A hydra (D)
  A spiny frog (D)
  A yaktaur (D)
  2 merfolk (D)
  A yak (D)
  A bullfrog (D)
8 creatures vanquished.

Vanquished Creatures (others)
  A shadow dragon (D)
  A draconian knight (D)
2 creatures vanquished.

Grand Total: 351 creatures vanquished

Notes
Turn   | Place    | Note
-------+----------+-------------------------------------------
     0 | D        | KravKorr the Centaur Berserker began the quest for the Orb.
     0 | D        | Reached XP level 1. HP: 19/19 MP: 1/1
     9 | D        | Reached ** piety under Trog
    25 | D        | Noticed a centaur
    25 | D        | Noticed an orc wizard
    28 | D        | Reached skill level 5 in Polearms
    28 | D        | Reached XP level 2. HP: 26/26 MP: 2/2
    31 | D        | Reached *** piety under Trog
    35 | D        | Reached XP level 3. HP: 23/31 MP: 3/3
    39 | D        | Killed a centaur
    39 | D        | Reached XP level 4. HP: 14/38 MP: 4/4
    41 | D        | Reached **** piety under Trog
   265 | D        | Found a roughly hewn altar of Beogh.
   265 | D        | Found a snail-covered altar of Cheibriados.
   265 | D        | Found a shadowy altar of Dithmenos.
   265 | D        | Found a white marble altar of Elyvilon.
   265 | D        | Found a blossoming altar of Fedhas.
   265 | D        | Found an opulent altar of Gozag.
   266 | D        | Found a hazy altar of Hepliaklqana.
   267 | D        | Found a viscous altar of Jiyva.
   268 | D        | Found an ancient bone altar of Kikubaaqudgha.
   269 | D        | Found a corrupted altar of Lugonu.
   270 | D        | Found a burning altar of Makhleb.
   271 | D        | Found a sparkling altar of Nemelex Xobeh.
   272 | D        | Found an iron altar of Okawaru.
   273 | D        | Found a stormy altar of Qazlal.
   274 | D        | Found a sacrificial altar of Ru.
   275 | D        | Found a deep blue altar of Sif Muna.
   276 | D        | Found a bloodstained altar of Trog.
   277 | D        | Found a hide-covered altar of Uskayaw.
   278 | D        | Found a radiant altar of Vehumet.
   279 | D        | Found an ornate altar of the Wu Jian Council.
   280 | D        | Found a shimmering altar of Xom.
   281 | D        | Found a basalt altar of Yredelemnul.
   282 | D        | Found a glowing silver altar of Zin.
   283 | D        | Found a glowing golden altar of the Shining One.
   330 | D        | Noticed a bullfrog
   332 | D        | Reached XP level 5. HP: 46/46 MP: 5/5
   341 | D        | Reached ***** piety under Trog
   342 | D        | Reached skill level 5 in Fighting
   342 | D        | Reached skill level 10 in Polearms
   385 | D        | Noticed a green ugly thing
   385 | D        | Noticed a tengu conjurer
   385 | D        | Noticed a necrophage
   385 | D        | Noticed a centaur warrior
   390 | D        | Killed a centaur warrior
   390 | D        | Reached XP level 6. HP: 61/61 MP: 6/6
   390 | D        | Reached XP level 7. HP: 68/68 MP: 7/7
   395 | D        | Killed a tengu conjurer
   395 | D        | Received a gift from Trog
   395 | D        | Reached XP level 8. HP: 77/77 MP: 8/8
   401 | D        | Killed a green ugly thing
   404 | D        | Received a gift from Trog
   568 | D        | Noticed a komodo dragon
   568 | D        | Noticed a komodo dragon
   568 | D        | Noticed a komodo dragon
   593 | D        | Reached skill level 10 in Bows
   594 | D        | Killed a komodo dragon
   594 | D        | Reached skill level 10 in Fighting
   594 | D        | Reached XP level 9. HP: 85/85 MP: 9/9
   599 | D        | Killed a komodo dragon
   610 | D        | Killed a komodo dragon
   610 | D        | Reached ****** piety under Trog
   614 | D        | Noticed a rime drake
   618 | D        | Killed a rime drake
   678 | D        | Received a gift from Trog
   913 | D        | Noticed a four-headed hydra
   954 | D        | Reached skill level 5 in Armour
  1012 | D        | Killed a four-headed hydra
  1012 | D        | Reached XP level 10. HP: 44/96 MP: 10/10
  1087 | D        | Noticed a spiny frog
  1090 | D        | Received a gift from Trog
  1101 | D        | Killed a spiny frog
  1296 | D        | Noticed a spiny frog
  1303 | D        | Killed a spiny frog
  1383 | D        | Received a gift from Trog
  1420 | D        | Received a gift from Trog
  1428 | D        | Reached skill level 15 in Bows
  1453 | D        | Received a gift from Trog
  1502 | D        | Received a gift from Trog
  1557 | D        | Noticed Joseph
  1564 | D        | Killed Joseph
  1564 | D        | Reached skill level 15 in Polearms
  1645 | D        | Noticed Psyche
  1648 | D        | Killed Psyche
  1733 | D        | Received a gift from Trog
  1770 | D        | Received a gift from Trog
  1834 | D        | Received a gift from Trog
  1837 | D        | Received a gift from Trog
  1846 | D        | Reached XP level 11. HP: 86/105 MP: 11/11
  1879 | D        | Received a gift from Trog
  1892 | D        | Noticed an orc knight
  1902 | D        | Killed an orc knight
  2094 | D        | Found Leciyrie's Book Boutique.
  2094 | D        | Noticed an orc knight
  2094 | D        | Noticed an orc knight
  2094 | D        | Noticed an orc knight
  2113 | D        | Killed an orc knight
  2117 | D        | Killed an orc knight
  2119 | D        | Noticed an orc knight
  2125 | D        | Killed an orc knight
  2131 | D        | Killed an orc knight
  2144 | D        | Received a gift from Trog
  2156 | D        | Noticed an orc knight
  2165 | D        | Killed an orc knight
  2165 | D        | Received a gift from Trog
  2282 | D        | Found Limigua's Antique Armour Shop.
  2286 | D        | Found Vyus Teawn's Food Boutique.
  2288 | D        | Noticed an orc knight
  2294 | D        | Noticed an orc knight
  2295 | D        | Killed an orc knight
  2299 | D        | Received a gift from Trog
  2300 | D        | Received a gift from Trog
  2304 | D        | Killed an orc knight
  2306 | D        | Found Xeicas's Armour Shop.
  2310 | D        | Received a gift from Trog
  2316 | D        | Noticed an orc knight
  2320 | D        | Killed an orc knight
  2342 | D        | Bought an embroidered cloak for 195 gold pieces
  2342 | D        | Bought a runed helmet for 195 gold pieces
  2346 | D        | Bought a +0 centaur barding for 299 gold pieces
  2410 | D        | Noticed Sonja
  2411 | D        | Killed Sonja
  2411 | D        | Received a gift from Trog
  2655 | D        | Noticed a deep elf mage
  2655 | D        | Noticed a two-headed ogre
  2665 | D        | Received a gift from Trog
  2666 | D        | Killed a two-headed ogre
  2674 | D        | Killed a deep elf mage
  2690 | D        | Noticed a red very ugly thing
  2696 | D        | Noticed a shock serpent
  2696 | D        | Noticed a glowing shapeshifter
  2696 | D        | a shock serpent changed into a glowing shapeshifter
  2697 | D        | Received a gift from Trog
  2697 | D        | a glowing shapeshifter changed into a swamp worm
  2703 | D        | Killed a red very ugly thing
  2703 | D        | Received a gift from Trog
  2703 | D        | Reached XP level 12. HP: 117/117 MP: 12/12
  2705 | D        | Noticed a centaur warrior
  2715 | D        | Killed a centaur warrior
  2736 | D        | Noticed an ettin
  2737 | D        | Noticed a fire giant
  2786 | D        | Killed a fire giant
  2786 | D        | Received a gift from Trog
  2790 | D        | Killed an ettin
  3039 | D        | Noticed a rakshasa
  3047 | D        | Killed a rakshasa
  3092 | D        | Noticed Saint Roka
  3109 | D        | Killed Saint Roka
  3109 | D        | Received a gift from Trog
  3109 | D        | Reached skill level 15 in Fighting
  3129 | D        | Received a gift from Trog
  3328 | D        | Noticed Eustachio
  3329 | D        | Killed Eustachio
  3388 | D        | Noticed a merfolk javelineer
  3412 | D        | Noticed a merfolk avatar
  3436 | D        | Received a gift from Trog
  3449 | D        | Killed a merfolk javelineer
  3461 | D        | Killed a merfolk avatar
  3461 | D        | Received a gift from Trog
  3725 | D        | Reached XP level 13. HP: 128/128 MP: 13/13
  3730 | D        | Received a gift from Trog
  3751 | D        | Received a gift from Trog
  3958 | D        | Received a gift from Trog
  3962 | D        | Received a gift from Trog
  3964 | D        | Received a gift from Trog
  3964 | D        | Reached skill level 27 in Bows
  3975 | D        | Noticed a thorn hunter
  3981 | D        | Killed a thorn hunter
  4014 | D        | Received a gift from Trog
  4025 | D        | Received a gift from Trog
  4025 | D        | Reached skill level 5 in Dodging
  4292 | D        | Noticed a stone giant
  4298 | D        | Killed a stone giant
  4298 | D        | Received a gift from Trog
  4302 | D        | Noticed a fire giant
  4304 | D        | Noticed an ettin
  4311 | D        | Paralysed by a great orb of eyes for 2 turns
  4382 | D        | Received a gift from Trog
  4427 | D        | Killed a fire giant
  4526 | D        | Killed an ettin
  4553 | D        | Reached skill level 10 in Armour
  4576 | D        | Received a gift from Trog
  4615 | D        | Noticed a fire dragon
  4722 | D        | Killed a fire dragon
  4788 | D        | Reached XP level 14. HP: 146/146 MP: 14/14
  4803 | D        | Received a gift from Trog
  4821 | D        | Noticed an ironheart preserver
  4821 | D        | Noticed an ironheart preserver
  4845 | D        | Killed an ironheart preserver
  4859 | D        | Killed an ironheart preserver
  4859 | D        | Received a gift from Trog
  4877 | D        | Received a gift from Trog
  4882 | D        | Received a gift from Trog
  4897 | D        | Received a gift from Trog
  4931 | D        | Received a gift from Trog
  4938 | D        | Noticed an ironheart preserver
  4944 | D        | Killed an ironheart preserver
  4944 | D        | Received a gift from Trog
  5144 | D        | Noticed Frances
  5154 | D        | Killed Frances
  5528 | D        | Noticed Nessos
  5532 | D        | Killed Nessos
  5591 | D        | Noticed an emperor scorpion
  5591 | D        | Noticed an emperor scorpion
  5591 | D        | Noticed an emperor scorpion
  5615 | D        | Received a gift from Trog
  5637 | D        | Killed an emperor scorpion
  5659 | D        | Killed an emperor scorpion
  5785 | D        | Killed an emperor scorpion
  5805 | D        | Noticed a ghost moth
  5808 | D        | Killed a ghost moth
  5824 | D        | Received a gift from Trog
  5862 | D        | Got a gossamer rune of Zot
  5910 | D        | Noticed a nagaraja
  5910 | D        | Noticed a nagaraja
  5910 | D        | Noticed a nagaraja
  5932 | D        | Killed a nagaraja
  5932 | D        | Received a gift from Trog
  5937 | D        | Killed a nagaraja
  5942 | D        | Killed a nagaraja
  5955 | D        | Reached XP level 15. HP: 163/163 MP: 15/15
  5956 | D        | Received a gift from Trog
  5968 | D        | Noticed a nagaraja
  5969 | D        | Killed a nagaraja
  5993 | D        | Noticed a nagaraja
  5998 | D        | Killed a nagaraja
  5998 | D        | Received a gift from Trog
  5999 | D        | Got a shimmering longbow {god gift}
  6002 | D        | Identified the +12 longbow of Crusades {flame, rC+ Str+4 Int+6 Dex-3} (Trog gifted it to you in the Dungeon)
  6012 | D        | Noticed a nagaraja
  6018 | D        | Killed a nagaraja
  6021 | D        | Got a serpentine rune of Zot
  6032 | D        | Noticed Ilsuiw
  6037 | D        | Received a gift from Trog
  6052 | D        | Received a gift from Trog
  6053 | D        | Killed Ilsuiw
  6062 | D        | Received a gift from Trog
  6376 | D        | Got a barnacled rune of Zot
  6503 | D        | Received a gift from Trog
  6536 | D        | Received a gift from Trog
  6550 | D        | Received a gift from Trog
  6565 | D        | Got a decaying rune of Zot
  6583 | D        | Got a steaming glaive {god gift}
  6584 | D        | Identified the +6 glaive of Linearity {chop, Fragile rC++ Dex+3} (Trog gifted it to you in the Dungeon)
  6774 | D        | Received a gift from Trog
  6787 | D        | Reached skill level 27 in Fighting
  6811 | D        | Received a gift from Trog
  6816 | D        | Received a gift from Trog
  6816 | D        | Reached skill level 15 in Armour
  6826 | D        | Received a gift from Trog
  6847 | D        | Received a gift from Trog
  6849 | D        | Received a gift from Trog
  6873 | D        | Received a gift from Trog
  6887 | D        | Received a gift from Trog
  6887 | D        | Reached XP level 16. HP: 183/183 MP: 16/16
  6913 | D        | Noticed a lich
  6918 | D        | Received a gift from Trog
  6924 | D        | Killed a lich
  6924 | D        | Received a gift from Trog
  6924 | D        | Received a gift from Trog
  6936 | D        | Received a gift from Trog
  6981 | D        | Noticed a shadow dragon
  6990 | D        | Killed a shadow dragon
  6995 | D        | Received a gift from Trog
  7001 | D        | Noticed a shadow dragon
  7005 | D        | Killed a shadow dragon
  7281 | D        | Noticed a shadow dragon
  7281 | D        | Noticed a tentacled monstrosity
  7281 | D        | Noticed a shadow dragon
  7281 | D        | Noticed a titan
  7281 | D        | Noticed a shadow dragon
  7291 | D        | Killed a shadow dragon
  7293 | D        | Killed a titan
  7293 | D        | Received a gift from Trog
  7297 | D        | Killed a tentacled monstrosity
  7309 | D        | Killed a shadow dragon
  7311 | D        | Killed a shadow dragon
  7372 | D        | Noticed a shadow dragon
  7373 | D        | Noticed an ancient lich
  7380 | D        | Killed a shadow dragon
  7389 | D        | Killed an ancient lich
  7389 | D        | Received a gift from Trog
  7406 | D        | Got a silver rune of Zot
  7603 | D        | Received a gift from Trog
  7605 | D        | Got a faintly glowing shortbow {god gift}
  7606 | D        | Noticed Azrael
  7612 | D        | Killed Azrael
  7617 | D        | Identified the +3 shortbow of Damov {flame, Stlth+} (Trog gifted it to you in the Dungeon)
  7651 | D        | Noticed Jory
  7661 | D        | Killed Jory
  7661 | D        | Received a gift from Trog
  7733 | D        | Noticed Mennas
  7795 | D        | Killed Mennas
  8077 | D        | Got the ring "Jot Guec" {rPois rF++ rC+ MR- Int+3}
  8079 | D        | Got the amulet "Pafeet" {Faith rElec Str+3 Stlth-}
  8089 | D        | Got the amulet "Faotasku" {Reflect Str+6 Dex-5 SH+4}
  8091 | D        | Got the ring "Ykky" {Fire Str+8}
  8093 | D        | Got the ring "Fookeidu" {Ice rN+ MP+9 Str-2 Int+3}
  8259 | D        | Noticed Frederick
  8262 | D        | Noticed Mara
  8264 | D        | Killed Frederick
  8264 | D        | Reached XP level 17. HP: 155/191 MP: 17/17
  8268 | D        | Noticed KravKorr's illusion
  8314 | D        | Killed Mara
  8314 | D        | Received a gift from Trog
  8611 | D        | Noticed Rupert
  8614 | D        | Killed Rupert
  8653 | D        | Received a gift from Trog
  8656 | D        | Received a gift from Trog
  8658 | D        | Received a gift from Trog
  8883 | D        | Received a gift from Trog
  8905 | D        | Received a gift from Trog
  8913 | D        | Noticed a bone dragon
  8921 | D        | Killed a bone dragon
  8921 | D        | Reached skill level 10 in Dodging
  9152 | D        | Noticed a quicksilver dragon
  9152 | D        | Noticed a tentacled monstrosity
  9180 | D        | Killed a tentacled monstrosity
  9180 | D        | Received a gift from Trog
  9199 | D        | Received a gift from Trog
  9203 | D        | Killed a quicksilver dragon
  9208 | D        | Reached skill level 27 in Armour
  9280 | D        | Received a gift from Trog
  9289 | D        | Received a gift from Trog
  9328 | D        | Received a gift from Trog
  9346 | D        | Noticed a quicksilver dragon
  9346 | D        | Noticed a tentacled monstrosity
  9346 | D        | Noticed a tentacled monstrosity
  9349 | D        | Killed a tentacled monstrosity
  9365 | D        | Killed a tentacled monstrosity
  9370 | D        | Received a gift from Trog
  9370 | D        | Reached skill level 15 in Dodging
  9374 | D        | Killed a quicksilver dragon
  9377 | D        | Reached XP level 18. HP: 148/200 MP: 18/18
  9408 | D        | Noticed an electric golem
  9414 | D        | Killed an electric golem
  9440 | D        | Received a gift from Trog
  9461 | D        | Received a gift from Trog
  9467 | D        | Slain by a yellow draconian monk

Vault maps used:
D:        linesprint

Skill      XL: |  1  2  3  4  5  6  7  8  9 10 11 12 13 14 15 16 17 18 |
---------------+-------------------------------------------------------+-----
Polearms       | 5 6 9 11 12 13 14 15 17 18 | 18.9
Bows           | 2 8 10 12 17 23 26 27 | 27.0
Fighting       | 8 10 11 12 14 16 19 23 27 | 27.0
Armour         | 3 4 5 6 7 10 12 16 23 27 | 27.0
Dodging        | 3 4 5 6 8 15 17 | 17.6

Action                   |  1- 3 |  4- 6 |  7- 9 | 10-12 | 13-15 | 16-18 || total
-------------------------+-------+-------+-------+-------+-------+-------++-------
Melee: Spear             |    20 |     2 |       |       |    33 |       ||    55
       Kick              |     4 |     4 |    12 |    19 |    16 |     4 ||    59
       Halberd           |       |    15 |    47 |    49 |       |       ||   111
       Bardiche          |       |       |       |       |    18 |    22 ||    40
 Fire: Longbow           |       |       |    23 |   324 |   510 |   422 ||  1279
Invok: Berserk           |     1 |     2 |     1 |     1 |     2 |     1 ||     8
       Brothers in Arms  |       |       |     1 |     2 |     1 |     1 ||     5
       Trog's Hand       |       |       |     1 |     4 |     5 |     2 ||    12
  Use: Potion            |       |       |       |     3 |       |     1 ||     4
       Scroll            |       |       |       |       |       |     9 ||     9
  Eat: Chunk             |       |       |     4 |     7 |     2 |       ||    13
       Bread ration      |       |       |       |     1 |     3 |     1 ||     5
Armor: Animal skin       |     1 |       |       |       |       |       ||     1
       Ring mail         |       |     1 |     6 |     7 |       |       ||    14
       Storm dragon scal |       |       |       |    26 |    56 |   103 ||   185
       Plate armour      |       |       |       |       |    40 |    50 ||    90
Dodge: Dodged            |     3 |     5 |    16 |    41 |    44 |    63 ||   172
Block: Other             |       |       |       |       |       |    20 ||    20
       Reflection        |       |       |       |       |       |     1 ||     1
